 Dungeon Crawl Stone Soup version 0.22-a0-93-g6b88ebb (webtiles) character file.

25947 KristoblXynda the Grappler (level 12, 0/106 (107) HPs)
             Began as a Green Draconian Fighter on Jan 24, 2018.
             Was an Elder of Ashenzari.
             Slain by a four-headed hydra (17 damage)
             ... on level 1 of the Lair of Beasts.
             The game lasted 00:43:49 (16089 turns).

KristoblXynda the Grappler (DrFi)                  Turns: 16089, Time: 00:43:50

HP:   0/106 (107)   AC: 11    Str: 19    XL:     12   Next: 94%
MP:   17/17         EV: 17    Int: 13    God:    Ashenzari [****..]
Gold: 177           SH: 13    Dex: 11    Spells: 11/11 levels left

rFire    + . .     SeeInvis +     - Unarmed
rCold    . . .     Gourm    .   a - +0 shield (curse)
rNeg     . . .     Faith    .   (armour unavailable)
rPois    +         Spirit   .   (helmet restricted)
rElec    .         Reflect  .   I - +1 cloak {MR+} (curse)
rCorr    .         Harm     .   b - +0 pair of gloves
MR       +....     Clarity  +   (no boots)
Stlth    ++........             w - amulet of regeneration (curse)
HPRegen  0.67/turn              o - ring of protection from fire (curse)
MPRegen  0.15/turn              v - ring of stealth

@: very slightly contaminated
A: breathe noxious fumes, unfitting armour, poison resistance, cold-blooded, AC
+8
a: Breathe Noxious Fumes, Curse Item, Scrying, Renounce Religion


You were on level 1 of the Lair of Beasts.
You worshipped Ashenzari.
Ashenzari was greatly pleased with you.
You were hungry.

You visited 3 branches of the dungeon, and saw 15 of its levels.
You visited the Abyss 1 time.
You also visited: Labyrinth.

You collected 683 gold pieces.
You spent 506 gold pieces at shops.

Inventory:

Missiles
 d - a throwing net (quivered)
Armour
 a - a cursed +0 shield (worn)
 b - a +0 pair of gloves (worn)
 I - a cursed +1 cloak of magic resistance (worn)
Jewellery
 o - a cursed ring of protection from fire (left hand)
 v - a ring of stealth (right hand)
 w - a cursed amulet of regeneration (around neck)
Wands
 n - a wand of iceblast (4)
 r - a wand of digging (13)
 y - a wand of paralysis (15)
 C - a wand of clouds (1)
Scrolls
 f - a scroll of remove curse
 j - 5 scrolls of immolation
 k - 2 scrolls of fear
 m - 3 scrolls of teleportation
 t - a scroll of magic mapping
 z - a scroll of fog
 B - a scroll of silence
Potions
 g - 3 potions of haste
 h - 2 potions of magic
 i - a potion of invisibility
 l - 3 potions of might
 p - 4 potions of curing
 u - a potion of cancellation
 x - 2 potions of flight
 A - a potion of resistance
Miscellaneous
 F - a phantom mirror
Comestibles
 c - 14 rations
 s - a chunk of flesh


   Skills:
 - Level 10.3 Fighting
 + Level 10.3 Dodging
 + Level 11.2(13.3) Shields
 + Level 11.3 Unarmed Combat
 + Level 7.0(9.4) Evocations


You had 11 spell levels left.
You didn't know any spells.

Dungeon Overview and Level Annotations

Branches:
Dungeon (13/15)            Temple (1/1) D:7            Lair (1/6) D:9
    Orc (0/2) D:11         Vaults (0/5) D:13

Altars:
Ashenzari
Cheibriados
Dithmenos
Elyvilon
Fedhas
Gozag
Hepliaklqana
Kikubaaqudgha
Makhleb
Nemelex Xobeh
Okawaru
Qazlal
Ru
Sif Muna
Trog
Uskayaw
Vehumet
Wu Jian
Xom
Yredelemnul
Zin
The Shining One

Shops:
D:5 (=:   D:9 *=   D:11 *   D:12 ?[*

Portals:
Trove: D:12 (give Necronomicon)

Annotations:
Lair:1 exclusion: oklob plant


Innate Abilities, Weirdness & Mutations

You can breathe blasts of noxious fumes.
Your lurid green scales are hard. (AC +8)
You cannot fit into any form of body armour.
Your system is resistant to poisons. (rPois)
You are cold-blooded and may be slowed by cold attacks.


Message History

The mass of ice explodes!
The iceblast engulfs the four-headed hydra.
The four-headed hydra is severely wounded.
Evoke which item? (* to show all) (? for menu, Esc to quit)
Aiming: Iceblast
Press: ? - help, Shift-Dir - straight line, p - four-headed hydra The mass of ice explodes!
The four-headed hydra closely misses you.
You block the four-headed hydra's attack.
The four-headed hydra bites you but does no damage.
The four-headed hydra bites you.
* * * LOW HITPOINT WARNING * * *
Evoke which item? (* to show all) (? for menu, Esc to quit)
Aiming: Iceblast
Press: ? - help, Shift-Dir - straight line The mass of ice explodes!
The iceblast engulfs the four-headed hydra.
The four-headed hydra is severely wounded.
The four-headed hydra bites you!
You die...

.# #..# .## ##.## ..### #..# ###
#...####.## ####.### ......#..##
###......##
...##.....#####>........###
..####.##<†.#..÷..........# ..#
#..#.#..††............## # ..#
#..##§§§)..D@..........## #
..###.####§.§§..............#####
..##..# ##§§§§...............#...
..##..# #..§§§...................
###..####....§.................##
# #..# #P.............(......####
#..# ##....................P##
##.## #......................##
#...# #...................#....


You could see a four-headed hydra.

Vanquished Creatures
  A dancing weapon (D:13)
  6 two-headed ogres
  Pikel (D:7)
  2 ugly things
  A deep elf mage (D:12)
  A manticore (D:11)
  A cyclops (D:12)
  The ghost of DEFE the Archer, a novice DEAM of Gozag (D:4)
  A spiny frog (Lair:1)
  A komodo dragon (Lair:1)
  A troll (D:8)
  2 hornets
  6 hippogriffs
  3 shadows
  2 redbacks (Lab)
  A spriggan (D:7)
  A wyvern (D:13)
  31 yaks
  Eustachio (D:5)
  Grum (Lair:1)
  6 hungry ghosts
  2 vampire mosquitoes (D:13)
  Menkaure (D:7)
  A two-headed ogre zombie (D:11)
  2 hell hounds (D:9)
  2 porcupines (Lair:1)
  3 orc warriors
  A slave (D:7)
  3 ice beasts
  2 black bears
  2 necrophages
  6 sky beasts
  11 ogres
  3 phantoms
  3 wolves (Lair:1)
  9 centaurs
  2 crocodiles (Lair:1)
  10 bullfrogs
  3 big kobolds
  5 scorpions
  2 troll zombies (D:11)
  19 killer bees
  16 wights
  6 howler monkeys
  8 crimson imps
  A quasit (D:8)
  5 hounds
  A jelly (D:5)
  8 orc priests
  Crazy Yiuf (D:7)
  2 bullfrog skeletons
  5 centaur skeletons
  10 orc wizards
  4 iguanas
  6 worker ants
  5 ogre zombies (D:11)
  A hound skeleton (D:10)
  2 worker ant zombies
  13 adders
  3 gnolls (D:7)
  4 shadow imps
  3 oozes
  2 adder skeletons
  3 worms
  2 dart slugs
  8 leopard geckos
  33 orcs
  2 giant cockroaches
  5 goblins
  9 hobgoblins
  12 jackals
  6 quokkas
  A ball python (D:1)
  6 bats
  6 frilled lizards
  2 goblin zombies (D:11)
  2 hobgoblin zombies (D:11)
  21 kobolds
  A leopard gecko zombie (D:4)
  4 orc skeletons (D:11)
  17 orc zombies (D:11)
  6 rats
415 creatures vanquished.

Vanquished Creatures (collateral kills)
  The ghost of Iwannabefree the Carver, a journeyman DsCK of Xom (D:12)
1 creature vanquished.

Vanquished Creatures (others)
  A centaur (D:13)
  A fungus (Lair:1)
  A lurking horror (Abyss:1)
3 creatures vanquished.

Grand Total: 419 creatures vanquished

Notes
Turn   | Place    | Note
-------+----------+-------------------------------------------
     0 | D:1      | KristoblXynda the Draconian Fighter began the quest for the Orb.
     0 | D:1      | Reached XP level 1. HP: 19/19 MP: 1/1
   255 | D:1      | Reached XP level 2. HP: 23/26 MP: 2/2
   839 | D:2      | Reached XP level 3. HP: 31/31 MP: 3/3
  1115 | D:2      | Reached XP level 4. HP: 28/38 MP: 4/4
  1337 | D:2      | Found a sacrificial altar of Ru.
  2550 | D:3      | Noticed an ogre
  2568 | D:3      | Killed an ogre
  2568 | D:3      | Reached XP level 5. HP: 41/45 MP: 5/5
  2976 | D:4      | Noticed DEFE's ghost (novice DEAM)
  2985 | D:4      | Killed DEFE's ghost
  2985 | D:4      | Reached skill level 5 in Unarmed Combat
  2985 | D:4      | Reached XP level 6. HP: 40/51 MP: 6/6
  2985 | D:4      | Your scales start taking on a lurid green colour.
  2985 | D:4      | Reached XP level 7. HP: 45/57 MP: 7/7
  2985 | D:4      | Gained mutation: Your system is resistant to poisons. (rPois) [Green Draconian growth]
  3441 | D:4      | Found a shattered altar of Ashenzari.
  3604 | D:4      | Became a worshipper of Ashenzari the Shackled
  3725 | D:4      | Reached skill level 5 in Shields
  3923 | D:5      | Entered Level 5 of the Dungeon
  4164 | D:5      | Found Liafel's Book Emporium.
  4330 | D:5      | Noticed Eustachio
  4347 | D:5      | Reached XP level 8. HP: 57/63 MP: 8/8
  4377 | D:5      | Reached skill level 5 in Dodging
  4390 | D:5      | Killed Eustachio
  4677 | D:5      | Found Loanuz's Jewellery Shop.
  4712 | D:5      | Reached * piety under Ashenzari
  4765 | D:5      | Found Reubish's Weapon Shoppe.
  5336 | D:6      | Found a shattered altar of Ashenzari.
  5714 | D:6      | Reached XP level 9. HP: 51/70 MP: 9/9
  6653 | D:7      | Found a staircase to the Ecumenical Temple.
  6659 | Temple   | Entered the Ecumenical Temple
  6984 | D:7      | Identified the cursed ring of Brawl {rN+ Int-5 Dex-5 SInv}
  6987 | D:7      | Noticed Menkaure
  6998 | D:7      | Killed Menkaure
  7140 | D:7      | Found a runed door.
  7144 | D:7      | Noticed Crazy Yiuf
  7153 | D:7      | Killed Crazy Yiuf
  7333 | D:7      | Reached ** piety under Ashenzari
  7705 | D:7      | Noticed Pikel
  7764 | D:7      | Killed Pikel
  7764 | D:7      | Reached skill level 5 in Fighting
  8277 | D:8      | Reached XP level 10. HP: 81/81 MP: 10/10
  8461 | D:8      | Noticed a two-headed ogre
  8474 | D:8      | Killed a two-headed ogre
  8661 | D:5      | Bought a cursed amulet of regeneration for 297 gold pieces
  8790 | D:9      | Found Tavuuwk's Assorted Antiques.
  8797 | D:9      | Noticed a two-headed ogre
  8819 | D:9      | Killed a two-headed ogre
  8819 | D:9      | Reached skill level 10 in Unarmed Combat
  9098 | D:9      | Found a staircase to the Lair.
  9152 | D:9      | Noticed a two-headed ogre
  9189 | D:9      | HP: 4/84 [two-headed ogre/giant club (14)]
  9755 | D:9      | Killed a two-headed ogre
  9755 | D:9      | Reached skill level 1 in Evocations
  9755 | D:9      | Reached XP level 11. HP: 72/92 MP: 10/12
 10009 | D:9      | Found Hoegek's Jewellery Boutique.
 10027 | D:10     | Entered Level 10 of the Dungeon
 10042 | D:10     | Found a basalt altar of Yredelemnul.
 10194 | D:10     | Reached *** piety under Ashenzari
 10203 | D:10     | Noticed a two-headed ogre
 10227 | D:10     | HP: 2/92 [two-headed ogre/giant club (26)]
 10274 | D:10     | Killed a two-headed ogre
 11380 | D:11     | Found a staircase to the Orcish Mines.
 11576 | D:11     | Noticed a red ugly thing
 11576 | D:11     | Noticed a two-headed ogre
 11615 | D:11     | Found a labyrinth entrance.
 11619 | Lab      | Entered a labyrinth
 11937 | Lab      | Found an exit through the horrors of the Abyss.
 11942 | Lab      | Took an exit into the Abyss.
 11942 | Abyss:1  | Escaped into the Abyss
 11942 | Abyss:1  | Found a corrupted altar of Lugonu.
 12080 | D:11     | Escaped the Abyss
 12099 | D:11     | Noticed a two-headed ogre
 12149 | D:11     | Killed a two-headed ogre
 12149 | D:11     | Reached skill level 10 in Shields
 12154 | D:11     | Killed a two-headed ogre
 12250 | D:11     | Killed a red ugly thing
 12410 | D:11     | Found Qeniaf's Assorted Antiques.
 12440 | D:11     | Bought a metallic puce potion for 28 gold pieces
 12505 | D:11     | Reached **** piety under Ashenzari
 12661 | D:11     | Reached skill level 5 in Evocations
 13018 | D:12     | Found Qufat's Assorted Antiques.
 13018 | D:12     | Noticed Iwannabefree's ghost (journeyman DsCK)
 13169 | D:12     | Found a portal to a secret trove of treasure.
 13196 | D:12     | Noticed a deep elf mage
 13209 | D:12     | Killed a deep elf mage
 13209 | D:12     | Reached XP level 12. HP: 61/104 MP: 15/15
 13430 | D:12     | Found Eshres's Armour Shop.
 13440 | D:12     | Bought a +1 cloak of magic resistance for 181 gold pieces
 13986 | D:12     | Found Iggymn's Magic Scroll Shoppe.
 14097 | D:12     | Killed Iwannabefree's ghost
 14760 | D:13     | Reached skill level 10 in Dodging
 14769 | D:13     | Reached skill level 10 in Fighting
 14851 | D:13     | Found a gate to the Vaults.
 15174 | Lair:1   | Entered Level 1 of the Lair of Beasts
 16044 | Lair:1   | Noticed a four-headed hydra
 16046 | Lair:1   | Noticed Grum
 16084 | Lair:1   | Killed Grum
 16089 | Lair:1   | Slain by a four-headed hydra

Vault maps used:
D:1:      wheals_arrival_shading
D:2:      nicolae_ru_the_path_less_chosen
D:4:      nicolae_ashenzari_panopticon
D:5:      first_ration, serial_shops, nicolae_shop_statue_plus,
          kennysheep_little_box, nicolae_shop_competitors_out_of_business,
          uniq_eustachio
D:6:      basic_altar, hangedman_glass_teeth, chequers_big_river
D:7:      minmay_temple_entry_fiery, the_bakery, uniq_pikel,
          uniq_crazy_yiuf_cottage, uniq_menkaure
D:9:      minmay_lair_entry_lava, serial_shops, nicolae_shop_trees,
          kennysheep_mini
D:10:     yredelemnul_altar_generic
D:11:     zombieorc2_lemuel, serial_shops, nicolae_shop_stone,
          lab_entry_generic, serial_curves, eino_curves_01, eino_curves_03
D:12:     nicolae_trove_entry_diagonal, serial_shops, shop, shop_fountains,
          nicolae_shop_crystal
D:13:     erik_vaults_1
Temple:   kilobyte_greek_temple
Lair:1:   minmay_lair_oklob_chamber, uniq_grum
Lab:      labyrinth_fake_exit, lab_hedge, nicolae_lab_starburst,
          nicolae_lab_swirl, nicolae_lab_plus, nicolae_lab_quarters,
          labyrinth_glass_1, lab_statue, nicolae_lab_blocks, nicolae_lab_hexagon

Skill      XL: |  1  2  3  4  5  6  7  8  9 10 11 12 |
---------------+-------------------------------------+-----
Dodging        | 3 4 6 7 8 9 10 | 10.3
Unarmed Combat | 3 4 5 6 8 9 10 11 | 11.3
Shields        | 4 5 6 7 9 10 11 | 11.2
Fighting       | 5 7 9 10 | 10.3
Evocations     | 1 5 7 |  7.0

Action                   |  1- 3 |  4- 6 |  7- 9 | 10-12 || total
-------------------------+-------+-------+-------+-------++-------
Melee: Unarmed           |   139 |   146 |   471 |  1326 ||  2082
       Tailslap          |    10 |    20 |    49 |   206 ||   285
Throw: Throwing net      |       |       |       |     1 ||     1
Invok: Curse Item        |       |       |     3 |     1 ||     4
 Abil: Breathe Noxious F |       |       |    11 |    19 ||    30
Evoke: Wand              |       |       |       |    17 ||    17
       Sack of spiders   |       |       |       |     1 ||     1
  Use: Scroll            |       |     7 |     5 |    17 ||    29
       Potion            |       |     3 |     2 |     4 ||     9
 Stab: Sleeping          |     1 |       |     1 |     5 ||     7
       Confused          |       |       |     4 |     6 ||    10
       Distracted        |       |       |       |     1 ||     1
       Paralysed         |       |       |       |     3 ||     3
       Held in net/web   |       |       |       |     1 ||     1
  Eat: Chunk             |     1 |     6 |     9 |    16 ||    32
       Ration            |       |       |     3 |     7 ||    10
Armor: Skin              |    47 |    29 |    84 |   192 ||   352
Dodge: Dodged            |    71 |    66 |   153 |   597 ||   887
Block: Shield            |    74 |    67 |   194 |   698 ||  1033

Table legend:
 A = Spawn XP
 B = Non-spawn XP
 C = Spawn XP percentage of total XP
 D = Spawn monster count
 E = Non-spawn monster count
 F = Spawn count percentage of total count
 G = Total turns spent on level
                    A         B        C        D         E        F      G
               +---------+---------+-------+---------+---------+-------+---------
         Total |       0 |   37068 |   0.0 |       0 |     416 |   0.0 | 16089
               +---------+---------+-------+---------+---------+-------+---------
           D:1 |       0 |      22 |   0.0 |       0 |      13 |   0.0 |   627
           D:2 |       0 |      92 |   0.0 |       0 |      26 |   0.0 |  1245
           D:3 |       0 |     181 |   0.0 |       0 |      21 |   0.0 |   900
           D:4 |       0 |     673 |   0.0 |       0 |      17 |   0.0 |  1151
           D:5 |       0 |    1222 |   0.0 |       0 |      29 |   0.0 |  1438
           D:6 |       0 |    1171 |   0.0 |       0 |      20 |   0.0 |  1422
           D:7 |       0 |    1852 |   0.0 |       0 |      20 |   0.0 |  1160
           D:8 |       0 |    1751 |   0.0 |       0 |      15 |   0.0 |   672
           D:9 |       0 |    4624 |   0.0 |       0 |      47 |   0.0 |  1288
          D:10 |       0 |    3575 |   0.0 |       0 |      38 |   0.0 |  1350
          D:11 |       0 |    6064 |   0.0 |       0 |      72 |   0.0 |  1276
          D:12 |       0 |    6338 |   0.0 |       0 |      41 |   0.0 |  1134
          D:13 |       0 |    4150 |   0.0 |       0 |      29 |   0.0 |   912
        Lair:1 |       0 |    4899 |   0.0 |       0 |      26 |   0.0 |   915
           Lab |       0 |     454 |   0.0 |       0 |       2 |   0.0 |   323
               +---------+---------+-------+---------+---------+-------+---------
